 Dungeon Crawl Stone Soup version 0.23.1 (webtiles) character file.

Game seed: 2302630394634528903

77 LostNumber the Firebug (level 3, -3/27 HPs)
             Began as a Demigod Fire Elementalist on Mar 12, 2019.
             Slain by an adder (4 damage)
             ... on level 2 of the Dungeon.
             The game lasted 00:04:11 (2080 turns).

LostNumber the Firebug (Demigod Fire Elementalist)  Turns: 2080, Time: 00:04:12

Health: -3/27      AC:  2    Str: 11    XL:     3   Next: 91%
Magic:  1/8        EV: 13    Int: 21    God:
Gold:   32         SH:  0    Dex: 16    Spells: 0/6 levels left

rFire    . . .     SeeInvis .   j - +1 dagger (flame)
rCold    . . .     Gourm    .   (no shield)
rNeg     . . .     Faith    .   a - +0 robe
rPois    .         Spirit   .   (no helmet)
rElec    .         Reflect  .   (no cloak)
rCorr    .         Harm     .   (no gloves)
MR       .....                  (no boots)
Stlth    ++........             (no amulet)
HPRegen  0.09/turn              (no ring)
MPRegen  0.11/turn              (no ring)

@: lethally poisoned (-3 -> -14)
A: high mp 1
a: no special abilities


You were on level 2 of the Dungeon.
You were not hungry.

You visited 1 branch of the dungeon, and saw 2 of its levels.

You collected 32 gold pieces.

Inventory:

Hand Weapons
 c - a +0 club
   (You took it off a hobgoblin on level 1 of the Dungeon)
 j - a +1 dagger of flaming (weapon)
   (You took it off Robin on level 1 of the Dungeon)
Armour
 a - a +0 robe (worn)
 d - a +0 helmet
   (You took it off Robin on level 1 of the Dungeon)
Jewellery
 g - a +3 ring of dexterity {unknown}
   (You found it on level 1 of the Dungeon)
Scrolls
 b - a scroll of remove curse {unknown}
 f - a scroll of immolation {unknown}
 h - a scroll of enchant weapon {unknown}
 k - a scroll of identify {unknown}
 l - a scroll of random uselessness {unknown}
 m - a scroll of blinking {unknown}
Comestibles
 e - 3 rations {!d}
 i - 2 chunks of flesh


   Skills:
 + Level 0.7 Fighting
 + Level 2.3 Dodging
 - Level 1.7 Stealth
 + Level 2.1 Spellcasting
 * Level 2.1 Conjurations
 * Level 3.2 Fire Magic


You couldn't memorise any spells.
You knew the following spells:

 Your Spells              Type           Power        Failure   Level  Hunger
a - Flame Tongue          Conj/Fire      ##...        4%          1    #......
d - Conjure Flame         Conj/Fire      ##......     14%         3    ###....
x - Throw Flame           Conj/Fire      ##....       7%          2    ##.....

Your spell library contained the following spells:

 Spells                   Type           Power        Failure   Level  Hunger
 Inner Flame              Hex/Fire       #.......     22%         3    ###....
 Sticky Flame             Conj/Fire      ##......     43%         4    #####..
 Fireball                 Conj/Fire      ##........   78%         5    ######.


Dungeon Overview and Level Annotations

Branches:
Dungeon (2/15)

Annotations:
D:2 Terence


Innate Abilities, Weirdness & Mutations

You have an increased reservoir of magic. (+10% MP)


Message History

You see here a stone.
Aim: an adder (severely wounded)
The flame tongue misses the adder.
The adder completely misses you.
You completely miss the adder. The adder bites you.
You miss the adder. The adder bites you but does no damage.
The adder bites you.
You are poisoned.
The adder poisons you!
You barely miss the adder.
You feel sick. The adder closely misses you.
You miss the adder. The adder bites you but does no damage.
You feel sick. The adder bites you.
You are more poisoned.
The adder poisons you!
You feel sick.
Aim: an adder (heavily wounded)
The flame tongue misses the adder.
You feel sick. The adder barely misses you.
You feel sick.
Things that are here:
a +0 club x2
The adder bites you.
* * * LOW HITPOINT WARNING * * *
You are lethally poisoned!
The adder poisons you!
* * * LOW HITPOINT WARNING * * *
You feel sick.
You aren't carrying any potions.
Unknown command.
There is a lethal amount of poison in your body!
Unknown command.
Sorry, you're not good enough to have a special ability.
Unknown command.
* * * LOW HITPOINT WARNING * * *
You feel sick. The adder barely misses you.
You hit the adder but do no damage.
* * * LOW HITPOINT WARNING * * *
You feel sick. The adder barely misses you. The adder closely misses you.
You miss the adder.
* * * LOW HITPOINT WARNING * * *
You feel sick. The adder bites you but does no damage.
You miss the adder.
* * * LOW HITPOINT WARNING * * *
You feel sick. The adder closely misses you.
You miss the adder.
* * * LOW HITPOINT WARNING * * *
You feel sick. The adder bites you.
* * * LOW HITPOINT WARNING * * *
You are more poisoned.
The adder poisons you! The adder bites you.
You die...

#....... ..
#$##...### .#
#........ ..
#.......# .#
#.......##..#.##
#.......'.......
#......)#.#.....
#....).<#... .##
#.....@)####..
####(##S####....
#.##)........
#....#####...
................
.......#......#.
.......##.#####
...........
#######.....
#####


You could see an adder.

Vanquished Creatures
  Robin (D:1)
  An adder (D:2)
  A dart slug (D:1)
  3 leopard geckos (D:1)
  An orc (D:2)
  A ball python (D:2)
  3 giant cockroaches
  9 hobgoblins
  3 jackals (D:1)
  5 bats
  2 frilled lizards (D:2)
  10 goblins
  3 kobolds
  5 rats
48 creatures vanquished.

Notes
Turn   | Place    | Note
-------+----------+-------------------------------------------
     0 | D:1      | LostNumber the Demigod Fire Elementalist began the quest
                  | for the Orb.
     0 | D:1      | Reached XP level 1. HP: 14/14 MP: 5/5
    19 | D:1      | Reached skill level 1 in Conjurations
   507 | D:1      | Reached XP level 2. HP: 14/20 MP: 1/7
   793 | D:1      | You fall through a shaft!
   866 | D:1      | Reached skill level 3 in Fire Magic
   880 | D:1      | Learned a level 2 spell: Throw Flame
  1297 | D:2      | Noticed Terence
  1303 | D:2      | Reached XP level 3. HP: 27/27 MP: 5/8
  1312 | D:1      | Learned a level 3 spell: Conjure Flame
  1662 | D:2      | Noticed Robin
  1675 | D:1      | Killed Robin
  2080 | D:2      | HP: 1/27 [adder (5)]
  2080 | D:2      | Slain by an adder

Skill      XL: |  1  2  3 |
---------------+----------+-----
Conjurations   | 1 2 |  2.1
Dodging        | 2 |  2.3
Fire Magic     | 3 |  3.2
Spellcasting   | 2 |  2.1
Fighting       | |  0.7
Stealth        | |  1.7

Action                   || total
-------------------------++-------
Melee: Club              ||    12
       Unarmed           ||     2
       Dagger            ||     8
 Cast: Flame Tongue      ||    95
       Throw Flame       ||     1
  Eat: Chunk             ||     4
Armor: Robe              ||    12
Dodge: Dodged            ||    68
